[Event "Team 45 45 League T38"]
[Site "Internet Chess Club"]
[Date "2008.08.10"]
[Round "3"]
[White "Terte"]
[Black "imgr8"]
[Result "0-1"]
[WhiteElo "2000"]
[BlackElo "2028"]
[Opening "Sicilian: Alapin's variation (2.c3)"]
[ECO "B22"]
[Time "08:47:55"]
[TimeControl "2700+45"]

1. e4 c5 2. c3 Nf6 3. e5 Nd5 4. Nf3 Nc6 5. Bc4 Nb6 6. Bb3 g6 7. O-O Bg7 8. Qe2
O-O 9. d4 cxd4 10. cxd4 d6 11. Rd1 Bg4 12. Bf4 Re8 13. Bxf7+ Kxf7 14. Ng5+ Kg8
15. Qxg4 Qc8 16. Qh4 h6 17. Nf3 g5 18. Bxg5 hxg5 19. Qxg5 dxe5 20. dxe5 Qe6 21.
Nbd2 Nxe5 22. Re1 Nxf3+ 23. Nxf3 Qf6 24. Qh5 Qh6 25. Qxh6 Bxh6 26. Re6 Bg7 27.
Rae1 Rad8 28. h4 Bf6 29. g4 Bxb2 30. h5 Nd5 31. Rg6+ Kh8 32. Ng5 Rd7 33. Nf7+
Kh7 34. g5 Rf8 35. Rh6+ Kg8 36. Ne5 Bxe5 37. Rxe5 Rf7 38. Rg6+ Rg7 39. Rxg7+
Kxg7 40. Kh2 Nf4 41. h6+ Kh7 42. Kg3 Ng6 43. Rf5 e5 44. Rf6 b5 45. Kg4 Rd4+ 46.
Kg3 Rf4 47. Re6 Rf5 48. Ra6 Rxg5+ 49. Kf3 Kxh6 50. Rxa7 Rf5+ 51. Ke3 Rf4 52. a3
Ra4 53. Rxa4 bxa4 54. Kd3 Kg5 55. Kc4 Kf4 56. Kb4 Kf3 57. Kxa4 Kxf2 58. Kb5 e4
{White resigns} 0-1

[Event "Team 45 45 League T38"]
[Site "Internet Chess Club"]
[Date "2008.08.12"]
[Round "3"]
[White "irock"]
[Black "viking99"]
[Result "0-1"]
[WhiteElo "1727"]
[BlackElo "1803"]
[Opening "French: exchange variation"]
[ECO "C01"]
[Time "15:00:10"]
[TimeControl "2700+45"]

1. e4 e6 2. d4 d5 3. exd5 exd5 4. Nf3 Nf6 5. c4 Be7 6. Nc3 O-O 7. Bg5 Bg4 8. h3
Bh5 9. Be2 dxc4 10. g4 Bg6 11. Bxf6 Bxf6 12. Bxc4 Re8+ 13. Ne2 Be4 14. Qb3 Qe7
15. O-O Nc6 16. Nd2 Na5 17. Qe3 Nxc4 18. Nxc4 Bg6 19. Qxe7 Rxe7 20. Ne3 Bd3 21.
Rfe1 Bxe2 22. Rxe2 Bxd4 23. Rae1 Rae8 24. Kg2 c6 25. b3 Kf8 26. Kf3 f6 27. Nf5
Rxe2 28. Rxe2 Rxe2 29. Kxe2 Bc5 30. f4 g6 31. Ne3 Ke7 32. Kd3 Bxe3 33. Kxe3 Kd6
34. Ke4 a5 35. Kd4 b5 36. a3 f5 37. g5 c5+ 38. Ke3 Kd5 39. Kd3 a4 40. bxa4 bxa4
41. h4 c4+ 42. Kc3 Ke4 43. Kxc4 Kxf4 44. Kb4 Kg4 45. Kxa4 f4 46. Kb3 f3 47. a4
f2 48. a5 f1=Q 49. Kb4 Kxh4 50. Kc5 Kxg5 51. Kb6 h5 52. a6 Qxa6+ 53. Kxa6 h4 54.
Kb5 Kf4 55. Kc4 h3 56. Kd3 h2 57. Ke2 h1=Q 58. Kd2 g5 59. Ke2 g4 60. Kd3 g3 61.
Kc3 g2 62. Kc4 g1=Q 63. Kd3 Qf3+ 64. Kc4 Qc1+ 65. Kb5 Qb3+ 66. Ka5 Qca3# {White
checkmated} 0-1

[Event "Team 45 45 League T38"]
[Site "Internet Chess Club"]
[Date "2008.08.09"]
[Round "3"]
[White "Chessrascal"]
[Black "Chessduke"]
[Result "0-1"]
[WhiteElo "2126"]
[BlackElo "2120"]
[Opening "Scandinavian (center counter) defense"]
[ECO "B01"]
[Time "13:20:51"]
[TimeControl "2700+45"]

1. e4 d5 2. exd5 Qxd5 3. Nc3 Qa5 4. d4 c6 5. Nf3 Nf6 6. Bc4 Bf5 7. O-O e6 8. Bg5
Nbd7 9. Bd3 Bg4 10. h3 Bxf3 11. Qxf3 Qxg5 12. Rae1 Bb4 13. Ne4 Nxe4 14. Rxe4 Bd6
15. c4 Qf6 16. Qe2 O-O 17. Re1 Rad8 18. Qh5 g6 19. Qh6 Qg7 20. Qh4 Nf6 21. R4e2
Be7 22. a3 Rfe8 23. Qf4 Nh5 24. Qc1 Qxd4 25. Bb1 Bf6 26. Kh1 Bg7 27. g4 Nf6 28.
f3 b5 29. cxb5 cxb5 30. Ba2 Rc8 31. Qg5 Qd3 32. Re3 Qd2 33. R1e2 Rc1+ 34. Kg2
Qd1 35. Re1 Rc2+ 36. Kg3 Qd6+ 37. f4 Rxb2 38. Bb3 h6 39. Qxb5 Rb8 40. Qa4 g5 41.
Kf3 Qxf4+ 42. Qxf4 gxf4 43. Kxf4 R2xb3 {White resigns} 0-1

[Event "Team 45 45 League T38"]
[Site "Internet Chess Club"]
[Date "2008.08.08"]
[Round "3"]
[White "wonderboy"]
[Black "BadHabitMarco"]
[Result "1-0"]
[WhiteElo "1929"]
[BlackElo "1969"]
[Opening "Sicilian: Alapin's variation (2.c3)"]
[ECO "B22"]
[Time "09:20:15"]
[TimeControl "2700+45"]

1. e4 c5 2. c3 Qa5 3. Nf3 Nc6 4. Bd3 Nf6 5. O-O d5 6. exd5 Nxd5 7. Bc2 Bg4 8. h3
Bh5 9. Re1 e6 10. d3 Bd6 11. Nbd2 Ne5 12. g4 Nxg4 13. hxg4 Bxg4 14. Nc4 Qc7 15.
Ba4+ Ke7 16. Nxd6 Qxd6 17. Kg2 h5 18. c4 Nf4+ 19. Bxf4 Qxf4 20. Re4 Qf6 21. Qe2
Rh6 22. Bd1 Rg6 23. Kh2 Bxf3 24. Qxf3 Qxb2 25. Rf4 Qxa1 26. Qxb7+ Kd6 27. Rxf7
Ke5 28. Qc7+ Kd4 29. Qd6+ Kc3 30. Qe5+ {Black resigns} 1-0

[Event "Team 45 45 League T38"]
[Site "Internet Chess Club"]
[Date "2008.08.10"]
[Round "3"]
[White "Paulkov"]
[Black "jonesey"]
[Result "0-1"]
[WhiteElo "1905"]
[BlackElo "1944"]
[Opening "Ruy Lopez: Anderssen variation"]
[ECO "C77"]
[Time "12:57:29"]
[TimeControl "2700+45"]

1. e4 e5 2. Nf3 Nc6 3. Bb5 a6 4. Ba4 Nf6 5. d3 d6 6. c3 Bd7 7. O-O g6 8. Re1 Bg7
9. Bg5 O-O 10. h3 Qe8 11. Qd2 Nh5 12. Bb3 Kh8 13. g4 Nf6 14. Kg2 Qc8 15. Nh2 Ng8
16. Rh1 f5 17. Na3 fxg4 18. hxg4 Bxg4 19. Bd1 Bh3+ 20. Kg3 Nf6 21. Bxf6 Rxf6 22.
Ng4 Bxg4 23. Bxg4 Qf8 24. Rh2 Kg8 25. Rah1 h5 26. Bd1 Bh6 27. Bb3+ Kg7 28. Rxh5
gxh5 29. Qe2 Rg6+ 30. Kh3 Qc8+ 31. Kh4 Bg5+ {White resigns} 0-1

[Event "Team 45 45 League T38"]
[Site "Internet Chess Club"]
[Date "2008.08.08"]
[Round "3"]
[White "chessateer"]
[Black "ddlj81"]
[Result "0-1"]
[WhiteElo "1849"]
[BlackElo "1876"]
[Opening "Vienna game"]
[ECO "C28"]
[Time "04:00:10"]
[TimeControl "2700+45"]

1. e4 e5 2. Nc3 Nf6 3. Bc4 Nc6 4. d3 Be7 5. f4 d6 6. Nf3 O-O 7. f5 Na5 8. Bb3
Nxb3 9. axb3 c6 10. O-O Qc7 11. h3 d5 12. Nh2 dxe4 13. dxe4 Bb4 14. Bg5 Ne8 15.
Qh5 f6 16. Be3 Nd6 17. Qf3 Bxc3 18. bxc3 b6 19. c4 c5 20. Rfe1 Bb7 21. Bf2 Qc6
22. Nf1 Nxe4 23. Be3 Qc8 24. Qg4 Nd6 25. Ng3 a5 26. Rad1 Rd8 27. Bh6 Ne8 28. Nh5
Qc7 29. Bxg7 Nxg7 30. Nxf6+ Kh8 31. Nd5 Bxd5 32. cxd5 Qd6 33. Re3 Rf8 34. Rf3
Rf6 35. Qe4 Raf8 36. g4 Ne6 37. Re3 Nd4 38. Kg2 Rg8 39. Kf2 b5 40. Qxe5 Qxe5 41.
Rxe5 Nxc2 42. Rc1 Nb4 43. Rxc5 Nd3+ 44. Ke3 Nxc5 {White resigns} 0-1

[Event "Team 45 45 League T38"]
[Site "Internet Chess Club"]
[Date "2008.08.10"]
[Round "3"]
[White "Fegary"]
[Black "LuxAeterna"]
[Result "1-0"]
[WhiteElo "2035"]
[BlackElo "1830"]
[Opening "Caro-Kann: classical variation"]
[ECO "B18"]
[Time "10:00:32"]
[TimeControl "2700+45"]

1. e4 c6 2. d4 d5 3. Nc3 dxe4 4. Nxe4 Bf5 5. Ng3 Bg6 6. Nf3 Nd7 7. Bc4 e6 8. Bf4
Ngf6 9. O-O Nd5 10. Bd2 N7f6 11. Nh4 Ne4 12. Nxg6 Nxd2 13. Nxh8 Nxc4 14. Qh5 Qf6
15. b3 Nd6 16. c4 Nf4 17. Qxh7 O-O-O 18. c5 Nb5 19. Ne4 Ne2+ 20. Kh1 Qf4 21.
Rad1 Nbxd4 22. f3 Qc7 23. Nd6+ Bxd6 24. cxd6 Rxd6 25. Qxg7 Rd7 26. Nxf7 Rxf7 27.
Qg8+ Qd8 28. Qxf7 Qh8 29. Rfe1 Ng3+ 30. Kg1 Nge2+ 31. Kf1 Qxh2 32. Rxd4 Nxd4 33.
Qf8+ {Black resigns} 1-0

[Event "Team 45 45 League T"]
[Site "Internet Chess Club"]
[Date "2008.08.11"]
[Round ""]
[White "Brechstange"]
[Black "upsan"]
[Result "1/2-1/2"]
[WhiteElo "1857"]
[BlackElo "1963"]
[Opening "French: exchange variation"]
[ECO "C01"]
[Time "10:16:26"]
[TimeControl "2700+45"]
1. e4 e6 2. d4 d5 3. exd5 exd5 4. c3 Bd6 5. Bd3 c6 6. Ne2 Qh4 7. Ng3 Nf6 8.
Nd2 O-O 9. Nf3 Re8+ 10. Be3 Qg4 11. Qc2 Bf4 12. h3 Rxe3+ 13. fxe3 Qxg3+ 14.
Qf2 Qxf2+ 15. Kxf2 Bc7 16. g4 g6 17. g5 Nh5 18. c4 Be6 19. cxd5 cxd5 20.
Rac1 Bd6 21. h4 Nc6 22. Rc3 Ng3 23. Rg1 Ne4+ 24. Bxe4 dxe4 25. Nd2 Bf5 26.
a3 Rc8 27. Rgc1 Rf8 28. Nc4 Bb8 29. b4 b6 30. Nxb6 Nxd4 31. Nd5 Nf3 32. Ne7+
Kg7 33. Nxf5+ gxf5 34. Rc8 Rxc8 35. Rxc8 Bh2 36. Ra8 Nxh4 37. Rxa7 Nf3 38.
b5 f4 39. b6 fxe3+ 40. Kxe3 Bg1+ 41. Kxe4 Bxb6 42. Ra6 Nxg5+ 43. Kf5 Be3 44.
a4 h5 45. Rd6 Ne6 46. a5 Bc5 47. Rd7 h4 48. a6 Nd4+ 49. Kg4 Kg6 50. Rc7 Bb6
51. Rb7 Bc5 52. Kxh4 f5 53. Kh3 Kf6 54. Kg2 Ke5 55. Re7+ Kf4 56. Rd7 Nc2 57.
Rc7 Ne3+ 58. Kh3 Bb6 59. Rd7 Kf3 60. Rf7 f4 61. Rb7 Bd4 62. Rd7 Bb6 63. Re7
Ke2 64. Rf7 Kf3 65. Rg7 Ke2 66. Kh2 f3 67. a7 Bxa7 68. Rxa7 f2 69. Ra2+ Ke1
70. Rxf2 Kxf2 {Game drawn because neither player has mating material}
1/2-1/2

[Event "Team 45 45 League T38"]
[Site "Internet Chess Club"]
[Date "2008.08.12"]
[Round "3"]
[White "qs16"]
[Black "Avedldesierto"]
[Result "0-1"]
[WhiteElo "1720"]
[BlackElo "1760"]
[Opening "Modern defense"]
[ECO "A40"]
[Time "16:16:27"]
[TimeControl "2700+45"]

1. d4 g6 2. c4 Bg7 3. g3 c5 4. e3 cxd4 5. exd4 d5 6. Be3 Nc6 7. Bg2 dxc4 8. Ne2
Qb6 9. Qc2 Nb4 10. Qxc4 Bf5 11. O-O Bd3 12. Qb3 Bxe2 13. d5 Bd4 14. Qa4+ Kf8 15.
Re1 Bxe3 16. Rxe2 Bc5 17. Nc3 Nf6 18. Rd1 Rd8 19. a3 Na6 20. Qc4 Rc8 21. Qf4 Kg7
22. Ne4 Nxe4 23. Qxe4 Rhd8 24. Qe5+ f6 25. Qf4 Bd6 26. Qg4 Be5 27. h4 h5 28. Qf3
Rc7 29. Bh3 Rc4 30. Be6 Nc5 31. Rxe5 fxe5 32. Qf7+ Kh6 33. Re1 Nxe6 34. Rxe5 Rf8
35. Qxe7 Qxf2+ {White resigns} 0-1

[Event "Team 45 45 League T38"]
[Site "Internet Chess Club"]
[Date "2008.08.08"]
[Round "3"]
[White "catrasca"]
[Black "oldsj"]
[Result "0-1"]
[WhiteElo "1681"]
[BlackElo "1640"]
[Opening "Four knights: Italian variation"]
[ECO "C55"]
[Time "18:00:19"]
[TimeControl "2700+45"]

1. e4 e5 2. Nf3 Nc6 3. Bc4 Nf6 4. Nc3 Nxe4 5. Nxe4 d5 6. Bb5 dxe4 7. Nxe5 Qg5 8.
Nxc6 Qxb5 9. Nd4 Qg5 10. Rg1 Bc5 11. d3 Qf6 12. c3 Bxd4 13. Qa4+ Bd7 14. Qxd4
Qxd4 15. cxd4 exd3 16. Bf4 O-O-O 17. Rc1 Bc6 18. Be3 Rhe8 19. Kd2 Be4 20. Rc3 b6
21. b4 Kb7 22. g3 Re6 23. Rgc1 Rd7 24. a3 h6 25. h4 f6 26. Rc4 Bd5 27. R4c3 Be4
28. Rc4 c6 29. R4c3 g5 30. hxg5 hxg5 31. Rh1 Bxh1 {White resigns} 0-1

[Event "Team 45 45 League T38"]
[Site "Internet Chess Club"]
[Date "2008.08.10"]
[Round "3"]
[White "Solfege"]
[Black "demo05"]
[Result "1-0"]
[WhiteElo "1911"]
[BlackElo "1923"]
[Opening "KP: Nimzovich defense"]
[ECO "A04"]
[Time "12:58:57"]
[TimeControl "2700+45"]

1. Nf3 Nc6 2. e4 d6 3. d4 Nf6 4. Nc3 Bg4 5. d5 Nb8 6. Bg5 Nbd7 7. Be2 g6 8. Nd4
Bxe2 9. Qxe2 Bg7 10. O-O-O O-O 11. f4 h6 12. Bh4 Rc8 13. e5 Nh5 14. exd6 cxd6
15. Qxe7 Qb6 16. Ndb5 a6 17. Nxd6 Rxc3 18. bxc3 Bxc3 19. Nc4 Qc7 20. Be1 Bf6 21.
Qe4 Rc8 22. Ne3 Nc5 23. Qc4 b5 24. Qf1 Na4 25. g3 Qc5 26. Rd3 Bd4 27. Qe2 Re8
28. Bd2 Nb2 29. Rb3 Nc4 30. Re1 a5 31. Qd3 a4 32. Rxb5 Qxb5 33. Qxc4 Qb2+ 34.
Kd1 Bxe3 35. Bxe3 Nf6 36. Qxa4 Rd8 37. Bd4 Qb7 38. c4 Rb8 39. Bxf6 Qb1+ 40. Kd2
{Black resigns} 1-0

[Event "Team 45 45 League T38"]
[Site "Internet Chess Club"]
[Date "2008.08.09"]
[Round "3"]
[White "RandyPCC"]
[Black "Karpyan"]
[Result "0-1"]
[WhiteElo "1723"]
[BlackElo "1826"]
[Opening "QGD Slav: Czech defense"]
[ECO "D17"]
[Time "09:30:47"]
[TimeControl "2700+45"]

1. d4 d5 2. c4 c6 3. Nf3 Nf6 4. Nc3 dxc4 5. a4 Bf5 6. Bg5 Qb6 7. Qd2 Ne4 8. Nxe4
Bxe4 9. Qc3 e6 10. Bd2 Na6 11. a5 Qb3 12. Qxb3 cxb3 13. e3 Nb4 14. Bxb4 Bxb4+
15. Nd2 O-O 16. f3 Bc2 17. Ra4 c5 18. Be2 b6 19. a6 Rfd8 20. Bd1 Bxd1 21. Kxd1
cxd4 22. e4 Bxd2 23. Kxd2 Rac8 24. Rc1 Rxc1 25. Kxc1 Rc8+ 26. Kd1 e5 27. Rb4 Rc5
28. Kd2 Kf8 29. Kd3 Ke7 30. g3 Kd7 31. Rxb3 Ra5 32. f4 f6 33. f5 Rxa6 34. Rb5
Ra5 35. Rb4 Rc5 36. Ra4 a5 37. h3 Kc6 38. h4 Rc1 39. Kd2 Rg1 40. Rc4+ Kb7 41. b4
a4 42. b5 a3 43. Ra4 Rxg3 44. h5 Rh3 45. Kc2 Rxh5 46. Rxa3 Rh2+ 47. Kd1 Rg2 48.
Rh3 h6 49. Rb3 Kc7 50. Rc3+ dxc3 {White resigns} 0-1

[Event "Team 45 45 League T38"]
[Site "Internet Chess Club"]
[Date "2008.08.08"]
[Round "3"]
[White "Rainbird"]
[Black "tenor"]
[Result "1-0"]
[WhiteElo "1751"]
[BlackElo "1748"]
[Opening "QGD: exchange, positional line"]
[ECO "D35"]
[Time "16:31:35"]
[TimeControl "2700+45"]

1. d4 d5 2. c4 e6 3. Nc3 Nf6 4. cxd5 exd5 5. Bg5 Nbd7 6. e3 Be7 7. Bd3 c6 8. Qc2
h6 9. Bh4 O-O 10. Nge2 Re8 11. O-O Ne4 12. Bxe7 Qxe7 13. Rae1 Ndf6 14. Ng3 Nxg3
15. hxg3 Bd7 16. a3 Rac8 17. b4 Ne4 18. Rb1 f5 19. Bxe4 fxe4 20. Qb3 Kh8 21. b5
Be6 22. bxc6 bxc6 23. Qb7 Qxa3 24. Rb3 Qe7 25. Ra1 Rc7 26. Qa6 c5 27. Rb5 cxd4
28. Nxd5 Bxd5 29. Rxd5 dxe3 30. fxe3 Rd8 31. Rdd1 Rxd1+ 32. Rxd1 Rd7 33. Qc8+
{Black resigns} 1-0

[Event "Team 45 45 League T38"]
[Site "Internet Chess Club"]
[Date "2008.08.12"]
[Round "3"]
[White "siddhu"]
[Black "RealChosenOne"]
[Result "1/2-1/2"]
[WhiteElo "1830"]
[BlackElo "1703"]
[Opening "Sicilian: Alapin's variation (2.c3)"]
[ECO "B22"]
[Time "10:32:59"]
[TimeControl "2700+45"]

1. e4 c5 2. c3 Nf6 3. e5 Nd5 4. d4 cxd4 5. Nf3 e6 6. cxd4 d6 7. Bc4 Nc6 8. Bxd5
exd5 9. O-O Be7 10. h3 O-O 11. Bf4 dxe5 12. Nxe5 Nxe5 13. Bxe5 Bd6 14. Re1 Re8
15. Bxd6 Rxe1+ 16. Qxe1 Qxd6 17. Qe8+ Qf8 18. Qxf8+ Kxf8 19. Nc3 Be6 20. Nb5 a6
21. Nc7 Rc8 22. Nxe6+ fxe6 23. Re1 Kf7 24. Re2 Rc4 25. Rd2 b5 26. Kf1 a5 27. Ke2
Kf6 28. Kd3 e5 29. dxe5+ Kxe5 30. Re2+ Re4 31. Rxe4+ dxe4+ 32. Ke3 g5 33. f3
exf3 34. Kxf3 h5 35. g4 hxg4+ 36. Kxg4 Kf6 37. Kg3 Kf5 38. Kf3 Ke5 39. Kg4 Kf6
40. Kg3 Kf5 {Game drawn by mutual agreement} 1/2-1/2

[Event "Team 45 45 League T38"]
[Site "Internet Chess Club"]
[Date "2008.08.11"]
[Round "3"]
[White "Tomate"]
[Black "Berkshires"]
[Result "1-0"]
[WhiteElo "1454"]
[BlackElo "1403"]
[Opening "Ruy Lopez: closed defense"]
[ECO "C87"]
[Time "19:45:09"]
[TimeControl "2700+45"]

1. e4 e5 2. Nf3 Nc6 3. Bb5 a6 4. Ba4 Nf6 5. O-O Be7 6. Re1 O-O 7. c3 Re8 8. Bxc6
dxc6 9. Nxe5 Bd6 10. Nf3 Nxe4 11. d3 Nf6 12. Bg5 Be7 13. d4 Nd5 14. Bxe7 Rxe7
15. Nbd2 Bg4 16. Qb3 b6 17. Ne5 Bd7 18. Qc2 Nf6 19. Re2 Nd5 20. Rae1 f6 21. Nxd7
Rxe2 22. Nxf6+ Nxf6 23. Rxe2 Qd6 24. Nf3 g6 25. Ng5 Re8 26. Qb3+ Qd5 27. Rxe8+
Nxe8 28. Ne4 Kg7 29. f3 Qxb3 30. axb3 Nd6 31. Kf2 Nf5 32. g4 Ne7 33. Ng5 Nd5 34.
c4 Nb4 35. Ne6+ Kf7 36. Ng5+ Kg7 37. Ke2 b5 38. Ne6+ Kf6 39. Nf4 h6 40. h4 c5
41. dxc5 Nc6 42. Nd5+ Kf7 43. cxb5 Nd4+ 44. Kd3 Nxb5 45. Nc3 c6 46. Nxb5 axb5
47. Ke4 Kf6 48. b4 Ke6 49. g5 hxg5 50. hxg5 Kf7 51. Ke5 Ke7 52. f4 Kf7 53. f5
gxf5 54. Kxf5 Kg7 55. g6 Kg8 56. Kf6 Kf8 57. g7+ Kg8 58. Ke6 Kxg7 59. Kd6 Kf7
60. Kxc6 Ke7 61. Kc7 Ke6 62. c6 Ke7 63. Kc8 Kd6 64. c7 Kc6 65. Kd8 Kb6 66. c8=Q
Ka7 67. Qc6 Kb8 68. Qxb5+ Ka7 69. Kc7 Ka8 70. Qb7# {Black checkmated} 1-0

[Event "Team 45 45 League T38"]
[Site "Internet Chess Club"]
[Date "2008.08.10"]
[Round "3"]
[White "Millwright"]
[Black "katabatico"]
[Result "1-0"]
[WhiteElo "1342"]
[BlackElo "1338"]
[Opening "Ruy Lopez: 5.O-O"]
[ECO "C78"]
[Time "15:04:10"]
[TimeControl "2700+45"]

1. e4 e5 2. Nf3 Nc6 3. Bb5 a6 4. Ba4 Nf6 5. O-O b5 6. Bb3 Be7 7. Nc3 d6 8. h3
O-O 9. Re1 Bb7 10. d3 h6 11. Be3 Nh5 12. Nxe5 Nxe5 13. Qxh5 Bg5 14. f4 g6 15.
Qe2 Bh4 16. fxe5 Bxe1 17. Rxe1 Kh7 18. Bd5 c6 19. Bb3 dxe5 20. Bc5 Rg8 21. Bxf7
Rg7 22. Bb3 Bc8 23. Qf2 Qg5 24. Kh2 Bf5 25. exf5 gxf5 26. Rxe5 Qf4+ 27. Qxf4
{Black resigns} 1-0

[Event "Team 45 45 League T38"]
[Site "Internet Chess Club"]
[Date "2008.08.06"]
[Round "3"]
[White "DaMelch"]
[Black "betto2506"]
[Result "0-1"]
[WhiteElo "1254"]
[BlackElo "1408"]
[Opening "King's pawn game"]
[ECO "C50"]
[Time "23:00:07"]
[TimeControl "2700+45"]

1. e4 e5 2. Nf3 Nc6 3. Bc4 d6 4. d4 exd4 5. Nxd4 Nxd4 6. Qxd4 Nf6 7. Nc3 c6 8.
O-O Be7 9. Bf4 O-O 10. Rfe1 Qb6 11. Qxb6 axb6 12. Bb3 Be6 13. Rad1 Bxb3 14. axb3
Rfd8 15. Na4 b5 16. Nb6 Ra6 17. e5 dxe5 18. Rxd8+ Bxd8 19. Be3 Bxb6 20. Rd1 Nd5
21. Bxb6 Rxb6 22. c4 bxc4 23. bxc4 Rxb2 24. cxd5 cxd5 25. g3 d4 26. Rc1 g6
{White resigns} 0-1

[Event "Team 45 45 League T38"]
[Site "Internet Chess Club"]
[Date "2008.08.10"]
[Round "3"]
[White "GolfSuper"]
[Black "Heraclitus"]
[Result "1-0"]
[WhiteElo "1605"]
[BlackElo "1563"]
[Opening "Sicilian: Taimanov variation"]
[ECO "B45"]
[Time "20:00:14"]
[TimeControl "2700+45"]

1. e4 c5 2. Nf3 Nc6 3. d4 cxd4 4. Nxd4 e6 5. Nc3 Be7 6. Be3 a6 7. Qd2 d6 8.
O-O-O Nf6 9. f3 Ne5 10. g4 b5 11. g5 Nfd7 12. Rg1 Nb6 13. b3 Bb7 14. h4 d5 15.
f4 Nc6 16. exd5 Nxd5 17. Nxd5 Qxd5 18. Bg2 Qd7 19. Nxc6 Qxd2+ 20. Rxd2 Ba3+ 21.
Kb1 Rc8 22. Ne5 Bxg2 23. Rgxg2 O-O 24. Bd4 Bb4 25. Rd3 Rc7 26. Bb2 Rfc8 27. h5
g6 28. hxg6 hxg6 29. Rd7 Bc3 30. Bxc3 Rxd7 31. Nxd7 Rxc3 32. Rd2 Rc8 33. Nf6+
Kf8 34. Rd7 Ra8 35. Ng4 Ke8 36. Ne5 Rd8 37. Rxd8+ Kxd8 38. Nxf7+ Ke7 39. Ne5 a5
40. Nxg6+ Kf7 41. Ne5+ Kg7 42. a4 bxa4 43. bxa4 Kh7 44. c4 {Black resigns} 1-0

[Event "Team 45 45 League T38"]
[Site "Internet Chess Club"]
[Date "2008.08.09"]
[Round "3"]
[White "mewsboy"]
[Black "Prop"]
[Result "1-0"]
[WhiteElo "1540"]
[BlackElo "1320"]
[Opening "Danish gambit"]
[ECO "C21"]
[Time "09:00:52"]
[TimeControl "2700+45"]

1. e4 e5 2. d4 exd4 3. c3 dxc3 4. Bc4 Qf6 5. Nxc3 Bc5 6. Nf3 Ne7 7. Bg5 Qb6 8.
Qc2 O-O 9. Bxe7 Bxe7 10. Nd5 Bb4+ 11. Nc3 d6 12. O-O Bg4 13. Nd5 Qc5 14. a3 Bxf3
15. axb4 Qc6 16. Ne7+ Kh8 17. Nxc6 Nxc6 18. gxf3 Rae8 19. b5 Nd4 20. Qd3 Ne6 21.
Bxe6 Rxe6 22. Rxa7 {Black resigns} 1-0

[Event "Team 45 45 League T38"]
[Site "Internet Chess Club"]
[Date "2008.08.06"]
[Round "3"]
[White "mrmarck"]
[Black "medsurg"]
[Result "1-0"]
[WhiteElo "1383"]
[BlackElo "1308"]
[Opening "Queen's gambit declined"]
[ECO "D30"]
[Time "20:00:11"]
[TimeControl "2700+45"]

1. d4 d5 2. c4 e6 3. e3 Nf6 4. Nc3 Bd7 5. Nf3 c5 6. Ne5 cxd4 7. Qxd4 Nc6 8. Nxc6
Bxc6 9. cxd5 exd5 10. Bd3 g6 11. O-O Bg7 12. Qb4 Qe7 13. Qh4 O-O 14. Re1 d4 15.
Qxd4 Rfd8 16. Qc4 Nh5 17. Be2 Qg5 18. Qg4 Qe7 19. Rb1 Nf6 20. Qc4 Rac8 21. Qf4
Nd5 22. Nxd5 Rxd5 23. b3 Rf5 24. Qc4 Rg5 25. f3 Rd8 26. e4 Bd4+ 27. Kh1 Rc5 28.
Qb4 Qh4 29. g3 Qe7 30. Bb2 Qe5 31. Red1 a5 32. Bxd4 axb4 33. Bxe5 Rxd1+ 34. Rxd1
Rc2 {Black resigns} 1-0

[Event "Team 45 45 League T38"]
[Site "Internet Chess Club"]
[Date "2008.08.06"]
[Round "3"]
[White "wisebard777"]
[Black "jocooper"]
[Result "0-1"]
[WhiteElo "1131"]
[BlackElo "1180"]
[Opening "King's Indian: fianchetto, Simagin variation"]
[ECO "E62"]
[Time "21:45:46"]
[TimeControl "2700+45"]

1. Nf3 Nf6 2. g3 g6 3. Bg2 Bg7 4. O-O O-O 5. d4 d6 6. c4 Nc6 7. Nc3 Bg4 8. Re1
e5 9. d5 Nd4 10. e3 Nxf3+ 11. Bxf3 Bxf3 12. Qxf3 a6 13. e4 Qd7 14. Bg5 Qe7 15.
Bxf6 Bxf6 16. Qg2 b5 17. b3 b4 18. Ne2 Rab8 19. a3 bxa3 20. Rxa3 Rb6 21. Rea1
Ra8 22. Qf1 Qd7 23. Kh1 Qc8 24. Ng1 Bg5 25. Nf3 Bh6 26. b4 c5 27. b5 Ra7 28.
bxa6 Qb8 29. Qe2 Rb1+ 30. Rxb1 Qxb1+ 31. Kg2 Qb4 32. Qa2 Qb6 33. Rb3 Qxa6 34.
Qxa6 Rxa6 35. Rb8+ Bf8 36. Ng1 Ra4 37. Kf3 Rxc4 38. Ne2 h5 39. Rb3 Rb4 40. Rc3
c4 41. Ke3 Rb3 42. f4 exf4+ 43. gxf4 Bg7 44. Rxb3 cxb3 45. Nc1 b2 {White
resigns} 0-1

[Event "Team 45 45 League T38"]
[Site "Internet Chess Club"]
[Date "2008.08.10"]
[Round "3"]
[White "alaskauk"]
[Black "werty"]
[Result "1-0"]
[WhiteElo "1482"]
[BlackElo "1499"]
[Opening "French: Steinitz, Boleslavsky variation"]
[ECO "C11"]
[Time "14:05:49"]
[TimeControl "2700+45"]

1. e4 e6 2. d4 d5 3. Nc3 Nf6 4. e5 Nfd7 5. f4 c5 6. Nf3 Nc6 7. Be3 cxd4 8. Nxd4
Bb4 9. Qg4 O-O 10. Bd3 Nxd4 11. Bxd4 f5 12. exf6 Nxf6 13. Qh4 h6 14. O-O Nd7 15.
Qg3 Nf6 16. Rf3 Qe7 17. Qg6 Qf7 18. Qg3 Bd7 19. Bg6 Qe7 20. Qh4 Be8 21. Rg3 Bxg6
22. Rxg6 Kh7 23. Rg3 b6 24. Re1 Rac8 25. Re5 Bxc3 26. bxc3 Qf7 27. Reg5 Ne4 28.
Rxg7+ Qxg7 29. Rxg7+ {Black resigns} 1-0

[Event "Team 45 45 League T38"]
[Site "Internet Chess Club"]
[Date "2008.08.10"]
[Round "3"]
[White "sdcohle"]
[Black "kingphisch"]
[Result "0-1"]
[WhiteElo "1357"]
[BlackElo "1478"]
[Opening "Caro-Kann: advance variation"]
[ECO "B12"]
[Time "22:17:40"]
[TimeControl "2700+45"]

1. e4 c6 2. d4 d5 3. e5 Bf5 4. c3 e6 5. Nf3 Nd7 6. Nh4 Qxh4 7. g3 Qe4+ 8. Be3
Qxh1 9. Kd2 Nh6 10. Na3 Bxa3 11. bxa3 O-O 12. Bxh6 gxh6 13. Qh5 Qe4 14. f3 Qc2+
15. Ke3 Qxc3+ {White resigns} 0-1

[Event "Team 45 45 League T38"]
[Site "Internet Chess Club"]
[Date "2008.08.11"]
[Round "3"]
[White "bajerk"]
[Black "bjc"]
[Result "1-0"]
[WhiteElo "1377"]
[BlackElo "1318"]
[Opening "Sicilian defense"]
[ECO "B20"]
[Time "11:06:27"]
[TimeControl "2700+45"]

1. e4 c5 2. Bc4 Nc6 3. a3 e6 4. Nc3 Nf6 5. d3 a6 6. Nf3 Qc7 7. Bg5 Be7 8. Qd2 b5
9. Bb3 Bb7 10. h3 Nd4 11. Nxd4 cxd4 12. Ne2 Qc5 13. c3 dxc3 14. Nxc3 Rc8 15. O-O
h6 16. Be3 Qc7 17. Rfc1 Qb8 18. Na2 O-O 19. f4 d5 20. e5 Nh5 21. Qf2 Rfd8 22.
Bd1 g6 23. Bxh5 gxh5 24. d4 Kh8 25. f5 exf5 26. Qxf5 Bg5 27. Bxg5 hxg5 28. Qxg5
Rc4 29. Qxh5+ Kg8 30. Rf1 Rd7 31. Qg4+ Kf8 32. Qxd7 {Black resigns} 1-0

[Event "Team 45 45 League T38"]
[Site "Internet Chess Club"]
[Date "2008.08.08"]
[Round "3"]
[White "pmatlock"]
[Black "otib2006"]
[Result "0-1"]
[WhiteElo "1297"]
[BlackElo "1318"]
[Opening "Sicilian: dragon variation"]
[ECO "B70"]
[Time "08:20:42"]
[TimeControl "2700+45"]

1. e4 c5 2. Nf3 d6 3. d4 cxd4 4. Nxd4 Nf6 5. Nc3 g6 6. Bc4 Bg7 7. O-O O-O 8. Bg5
Bd7 9. Qd2 Nc6 10. Rae1 Ne5 11. f4 Nxc4 12. Qf2 Nxb2 13. e5 dxe5 14. fxe5 Ng4
15. Qf3 Nxe5 16. Qf4 Nbc4 17. Nd5 f6 18. Ne6 Bxe6 19. Qxc4 Nxc4 20. Nxe7+ Qxe7
21. Rxe6 Qxe6 22. Kh1 fxg5 23. Rg1 Qe2 24. c3 Rf1 25. a4 Rxg1+ 26. Kxg1 Qe1#
{White checkmated} 0-1

[Event "Team 45 45 League T38"]
[Site "Internet Chess Club"]
[Date "2008.08.09"]
[Round "3"]
[White "akdog3"]
[Black "menorca"]
[Result "0-1"]
[WhiteElo "2244"]
[BlackElo "2221"]
[Opening "English: four knights, Marini variation"]
[ECO "A28"]
[Time "11:02:04"]
[TimeControl "2700+45"]

1. c4 e5 2. Nc3 Nf6 3. Nf3 Nc6 4. a3 d5 5. cxd5 Nxd5 6. e4 Nxc3 7. bxc3 Bc5 8.
Bc4 O-O 9. d3 Qf6 10. Be3 Bb6 11. d4 Bg4 12. d5 Bxe3 13. fxe3 Na5 14. Bd3 Qh6
15. Qe2 f5 16. O-O Nb3 17. Rae1 Nc5 18. Qc2 Bxf3 19. Rxf3 fxe4 20. Bxe4 Qh4
{White resigns} 0-1